 Dungeon Crawl Stone Soup version 0.20.0-15-g7f486f2 (webtiles) character file.

95 Kosschaser the Skirmisher (level 4, 0/35 HPs)
             Began as a Demonspawn Fighter on June 17, 2017.
             Killed by nerve-wracking pain
             ... invoked by an orc priest
              (12 damage)
             ... on level 3 of the Dungeon.
             The game lasted 00:06:27 (2541 turns).

Kosschaser the Skirmisher (Demonspawn Fighter)      Turns: 2541, Time: 00:06:27

Health: 0/35       AC:  8    Str: 17    XL:     4   Next: 39%
Magic:  0/4        EV:  7    Int:  9    God:
Gold:   127        SH:  9    Dex: 13    Spells: 3/3 levels left

rFire    . . .     SeeInvis .   a - +0 long sword
rCold    . . .     Gourm    .   c - +0 shield
rNeg     . . .     Faith    .   b - +0 scale mail
rPois    .         Spirit   +   (no helmet)
rElec    .         Reflect  .   s - scarf {cloud immunity}
rCorr    .         Harm     .   (no gloves)
MR       .....                  (no boots)
Stlth    ..........             (no amulet)
Regen    0.2/turn               (no ring)
MPRegen  0.1/turn               (no ring)

@: no status effects
A: icy blue scales 1, powered by pain 1, magic shield
a: no special abilities


You were on level 3 of the Dungeon.
You were very hungry.

You visited 1 branch of the dungeon, and saw 3 of its levels.

You collected 127 gold pieces.

Inventory:

Hand Weapons
 a - a +0 long sword (weapon)
Armour
 b - a +0 scale mail (worn)
 c - a +0 shield (worn)
 s - a scarf of cloud immunity (worn)
Scrolls
 k - 2 scrolls of teleportation {unknown}
 p - 3 scrolls of random uselessness {unknown}
 q - 3 scrolls of identify {unknown}
 t - a scroll of fog {unknown}
 u - a scroll of enchant armour {unknown}
Potions
 d - a potion of might
 e - a potion of curing {unknown}
 h - a potion of magic {unknown}
 j - 2 potions of brilliance {unknown}
 l - a potion of agility {unknown}
 m - a potion of lignification {unknown}
 n - a potion of berserk rage {unknown}
 o - a potion of flight {unknown}
 r - a potion of heal wounds {unknown}
Comestibles
 f - 3 bread rations
 g - 2 fruits
 i - 3 meat rations


   Skills:
 + Level 3.5 Fighting
 + Level 3.0 Long Blades
 + Level 3.1 Armour
 + Level 0.5 Dodging
 + Level 3.1 Shields


You had 3 spell levels left.
You didn't know any spells.

Dungeon Overview and Level Annotations

Branches:
Dungeon (3/15)

Altars:
Sif Muna
Vehumet


Innate Abilities, Weirdness & Mutations

You are partially covered in icy blue scales. (AC +2)
You sometimes gain a little power by taking damage.
When hurt, damage is shared between your health and your magic reserves.


Message History

You block the orc warrior's attack.
The orc priest hits you but does no damage.
The orc wizard hits you but does no damage.
You hit the orc priest.
The orc priest is almost dead.
The orc wizard hits you but does no damage.
You block the orc warrior's attack. The orc priest hits you with a mace.
The orc wizard hits you with a dagger.
You closely miss the orc priest.
The orc priest is almost dead.
The orc wizard hits you but does no damage.
You block the orc priest's attack.
The orc warrior hits you from afar with a glaive!
The orc wizard looks encouraged for a moment.
You hit the orc priest but do no damage.
The orc priest is severely wounded.
The orc wizard looks satisfied for a moment.
The orc priest invokes the aid of Beogh against you.
Pain shoots through your body!
You die...

#### #####..#
......## #.....
######### #..o#
#.......#
#.o######.#####.#
#oo@..........#.#
#.#######.......#
#+ #..##.#.#
#..##.#.#
#.......#
##....#.#
####...##.####
+.............
#.........###


You could see an orc warrior, an orc priest and 2 orc wizards.

Vanquished Creatures
  An adder (D:2)
  4 worms
  2 dart slugs
  3 leopard geckos
  4 giant cockroaches
  12 goblins
  8 hobgoblins
  A quokka (D:2)
  4 ball pythons
  5 bats (D:1)
  6 frilled lizards
  9 kobolds
  6 rats
65 creatures vanquished.

Notes
Turn   | Place    | Note
-------+----------+-------------------------------------------
     0 | D:1      | Kosschaser the Demonspawn Fighter began the quest for the Orb.
     0 | D:1      | Reached XP level 1. HP: 18/18 MP: 1/1
   478 | D:1      | Gained mutation: When hurt, damage is shared between your health and your magic reserves. [demonic ancestry]
   478 | D:1      | Reached XP level 2. HP: 23/24 MP: 2/2
   843 | D:1      | Gained mutation: You sometimes gain a little power by taking damage. [demonic ancestry]
   843 | D:1      | Reached XP level 3. HP: 29/29 MP: 3/3
  1569 | D:2      | Found a radiant altar of Vehumet.
  1951 | D:2      | Gained mutation: You are partially covered in icy blue scales. (AC +2) [demonic ancestry]
  1951 | D:2      | Reached XP level 4. HP: 35/35 MP: 4/4
  2127 | D:2      | Found a deep blue altar of Sif Muna.
  2533 | D:3      | Noticed an orc warrior
  2541 | D:3      | Killed from afar by an orc priest

Skill      XL: |  1  2  3  4 |
---------------+-------------+-----
Long Blades    | 2 3 |  3.0
Shields        | 3 |  3.1
Armour         | 3 |  3.1
Fighting       | |  3.5
Dodging        | |  0.5

Action                   |  1- 3 |  4- 6 || total
-------------------------+-------+-------++-------
Melee: Long sword        |   194 |    91 ||   285
  Eat: Chunk             |     3 |     2 ||     5
Armor: Scale mail        |    95 |    39 ||   134
Dodge: Dodged            |    42 |    20 ||    62
Block: Shield            |    86 |    47 ||   133
       Rpst.: Long sword |    15 |     6 ||    21
